 Dungeon Crawl Stone Soup version 0.29.1-12-g30fa7ad0bf (webtiles) character file.

Game seed: 12305857822462278748

199 rakiston the Grave Robber (level 5, 0/37 HPs)
             Began as a Palentonga Necromancer on Jan 12, 2023.
             Succumbed to an orc wizard's poison
             ... on level 4 of the Dungeon on Jan 13, 2023.
             The game lasted 00:33:04 (2676 turns).

rakiston the Grave Robber (Palentonga Necromancer)  Turns: 2676, Time: 00:33:04

Health: 0/37       AC:  8    Str: 13    XL:     5   Next: 48%
Magic:  1/18       EV: 14    Int: 18    God:
Gold:   165        SH:  0    Dex: 10    Spells: 5/9 levels left

rFire   . . .      SeeInvis +   l - +0 rapier
rCold   . . .      Faith    .   (no shield)
rNeg    . . .      Spirit   .   d - +0 robe
rPois   .          Reflect  .   (no helmet)
rElec   .          Harm     .   w - +2 cloak
rCorr   .          Rampage  .   r - +0 pair of gloves
Will    .....                   (no barding)
Stlth   +.........              (no amulet)
HPRegen 0.12/turn               t - ring of magical power
MPRegen 0.16/turn               k - +4 ring of evasion

@: lethally poisoned (0 -> -23)
A: large, rugged brown scales 3, see invisible, deformed body, roll 1, armoured
tail
a: Rolling Charge


You were on level 4 of the Dungeon.
You visited 1 branch of the dungeon, and saw 4 of its levels.

You collected 191 gold pieces.
You spent 26 gold pieces at shops.

Inventory:

Hand Weapons
 a - a +0 dagger
 g - a +0 short sword
 l - a +0 rapier (weapon)
Missiles
 c - 5 poisoned darts
Armour
 d - a +0 robe (worn)
 f - a +0 cloak
 r - a +0 pair of gloves (worn)
 w - a +2 cloak (worn)
Jewellery
 e - a ring of poison resistance
 i - a ring of ice
 k - a +4 ring of evasion (right hand)
 t - a ring of magical power (left hand)
 u - an amulet of guardian spirit
Wands
 y - a wand of flame (12)
Scrolls
 m - a scroll of noise
 n - a scroll of vulnerability
 o - a scroll of enchant weapon
 v - a scroll of brand weapon
 z - a scroll of amnesia {unknown}
 A - a scroll of butterflies {unknown}
 B - a scroll of blinking {unknown}
 C - a scroll of immolation {unknown}
Potions
 b - a potion of magic
 h - a potion of lignification
 j - a potion of berserk rage {unknown}
 p - a potion of brilliance {unknown}
 q - a potion of invisibility {unknown}
 s - a potion of cancellation {unknown}
 x - a potion of ambrosia {unknown}


   Skills:
 - Level 0.3 Short Blades
 - Level 1.9 Dodging
 - Level 1.2 Stealth
 + Level 2.7 Spellcasting
 + Level 6.2 Necromancy


You had 5 spell levels left.
You knew the following spells:

 Your Spells              Type           Power      Damage    Failure   Level
a - Necrotise             Necr           100%       1d9       1%          1
b - Vampiric Draining     Necr           25%        2d7       3%          3

Your spell library contained the following spells:

 Spells                   Type           Power      Damage    Failure   Level
 Animate Dead             Necr           25%        N/A       13%         4
 Agony                    Necr           25%        N/A       34%         5


Dungeon Overview and Level Annotations

Branches:
Dungeon (4/15)
 Temple: D:4-7

Altars:
Ashenzari
Ru

Shops:
D:1 *


Innate Abilities, Weirdness & Mutations

You are completely covered in rugged brown scales. (AC +3, +7% HP)
You have supernaturally acute eyesight. (SInv)
Armour fits poorly on your strangely shaped body.
You can roll at nearby foes to attack.
You have a long armoured tail.


Message History

The dead are walking!
You closely miss the orc wizard.
The orc wizard hits you but does no damage.
You are poisoned.
The orc wizard hits you but does no damage.
You are more poisoned.
You hit the orc wizard.
The orc wizard is lightly wounded.
You feel very sick. The orc wizard closely misses you.
Your orc skeleton barely misses the orc wizard.
You hit the orc wizard.
The orc wizard is lightly wounded.
You feel very sick.
The orc wizard hits you but does no damage.
You are more poisoned.
Your orc skeleton barely misses the orc wizard.
You closely miss the orc wizard.
Your tail-slap misses the orc wizard.
The orc wizard is lightly wounded.
You feel very sick. The orc wizard misses you.
You hit the orc wizard.
The orc wizard is heavily wounded.
You feel very sick.
Your orc skeleton misses the orc wizard.
The orc wizard barely misses you.
You hit the orc wizard. You tail-slap the orc wizard.
The orc wizard is severely wounded.
You feel very sick.
The orc wizard hits you with a +2 dagger of venom.
You are lethally poisoned!
Your orc skeleton barely misses the orc wizard.
The orc wizard hits you with a +2 dagger of venom.
* * * LOW HITPOINT WARNING * * *
You are more poisoned.
* * * LOW HITPOINT WARNING * * *
You feel very sick.
Your orc skeleton closely misses the orc wizard.
The orc wizard hits your ball python skeleton with a +2 dagger of venom.
You die...

###.......##
$.#........##
$.$.$.$.$..#
#.........##
###....Z.....#
#.......o?...#..
##..>....Z.....#.
#..........##....
##.......@....# .
####........##
#.......#..)..
#...##..##....
##..###.# #...
#...#..##....
##...........
##.......#..
###........


You could see an orc wizard (invisible), a friendly ball python skeleton and a
friendly orc skeleton.

Vanquished Creatures
  2 orc wizards (D:4)
  5 adders
  A dart slug (D:2)
  9 orcs
  7 bats
  5 endoplasms
  3 giant cockroaches
  2 hobgoblins (D:3)
  8 jackals
  5 kobolds
  A quokka (D:1)
  10 ball pythons
  4 goblins
  A rat (D:1)
63 creatures vanquished.

Vanquished Creatures (collateral kills)
  2 adders
  3 endoplasms
  A goblin (D:1)
  A bat (D:1)
  A frilled lizard (D:3)
  A rat (D:1)
9 creatures vanquished.

Grand Total: 72 creatures vanquished

Notes
Turn   | Place    | Note
-------+----------+-------------------------------------------
     0 | D:1      | rakiston the Palentonga Necromancer began the quest for the
                  | Orb.
     0 | D:1      | Reached XP level 1. HP: 13/13 MP: 3/3
   328 | D:1      | Reached XP level 2. HP: 18/20 MP: 0/5
   392 | D:1      | Found Unatoule's General Store.
   400 | D:1      | Bought a scroll of identify for 26 gold pieces
   516 | D:1      | Found a faded altar of an unknown god.
   563 | D:1      | You fall into a shaft and drop 1 floor!
   573 | D:2      | Found a broken altar of Ashenzari.
   789 | D:1      | Reached XP level 3. HP: 21/25 MP: 3/6
  1331 | D:2      | Reached skill level 5 in Necromancy
  1672 | D:3      | Reached XP level 4. HP: 32/32 MP: 1/7
  2238 | D:3      | Found a sacrificial altar of Ru.
  2515 | D:4      | Learned a level 3 spell: Vampiric Draining
  2613 | D:4      | Reached skill level 6 in Necromancy
  2613 | D:4      | Reached XP level 5. HP: 37/37 MP: 8/8
  2676 | D:4      | Succumbed to an orc wizard's poison

Illustrated notes

Levels and vault maps discovered:
D:1:      saegor_arrival_simple_a, layout_loops_ring, serial_shops, shop,
          shapermc_ecumenical_altar_mp_vishouse
D:2:      layout_basic, basic_altar, moated_statue
D:3:      minmay_angry_zag, layout_loops_ring, lemuel_round_altar,
          kennysheep_potato
D:4:      layout_cave_pools, grunt_gozag_breadcrumbs, minmay_fountain_box,
          uniq_edmund

Skill      XL: |  1  2  3  4 |
---------------+-------------+-----
Necromancy     | 5 6 |  6.2
Short Blades   | |  0.3
Dodging        | |  1.9
Stealth        | |  1.2
Spellcasting   | |  2.7

Action                   |  1- 3 |  4- 6 || total
-------------------------+-------+-------++-------
Melee: Unarmed           |     6 |       ||     6
       Tailslap          |     3 |     1 ||     4
       Dagger            |     2 |       ||     2
       Punch             |     1 |       ||     1
       Rapier            |     8 |    25 ||    33
 Cast: Necrotise         |    62 |    35 ||    97
       Vampiric Draining |       |     5 ||     5
  Use: Scroll            |     3 |     2 ||     5
 Stab: Distracted        |       |     1 ||     1
Armor: Robe              |    22 |    23 ||    45
Dodge: Dodged            |    26 |    31 ||    57
